Unix NetHack Version 5.0.0-0 post-release - last build May  4 2026 22:22:43 (774f63e81ad911689b3a0859ea89b322d5daca8d,branch:main).

Game began 2026-05-06 16:21:19, ended 2026-05-06 16:55:21.

01245990302, chaotic male orcish Rogue

                -----------        -------------
  -----         |.........|        |...........|
  |...|         |..........########............|
  |`...#########.[........|    ####|...........|
  |...|         |.........|        |..........<+
  -----         |.........|        |...........|
                ---.-------        -------------
                   ######
                        ##
                         #
                        ###
                         %
                         ###
                           #
                        ---|------------
                        |...:x@.F.......
                        |ek.@......%..F|
                        |e.%.F.yb......|
                        ----------------

01245990302 the Cutpurse  St:16 Dx:17 Co:11 In:13 Wi:8 Ch:10  Chaotic
Dlvl:4  $:42 HP:0(26) Pw:9(9) AC:7  Xp:4 T:2239  Burdened

Latest messages:
 This gnome corpse tastes terrible!
 You stop eating the gnome corpse.
 You hit the kobold lord.
 You miss the kobold lord.
 You miss the kobold lord.
 You miss the kobold lord.
 You hit the kobold lord.
 The kobold lord turns to flee.
 You strike the kobold lord from behind!
 You kill the kobold lord!
 D - a clove of garlic.
 You see here a partly eaten gnome corpse.
 There is a partly eaten gnome corpse here; eat it? [ynq] (n) y
 You consume the last bite of your meal.
 You finish eating the gnome corpse.
 You see here a statue of a gecko.
 You see here a statue of a xan.
 The statue comes to life!
 The xan pricks your right leg!
 Your movements are slowed slightly because of your load.
 The xan pricks your right leg!
 The xan pricks your right leg!
 You are beginning to feel hungry.
 What do you want to eat? [swyzD or ?*] s
 Blecch!  Rotten food!
 The xan pricks your right leg!
 You stop eating the food ration.
 You miss the xan.
 The xan pricks your left leg!
 The xan pricks your left leg!
 You miss the xan.
 The xan pricks your right leg!
 The xan pricks your right leg!
 The xan pricks your left leg!
 The xan pricks your right leg!
 You miss the xan.
 The xan pricks your right leg!
 You miss the xan.
 The xan pricks your right leg!
 The xan pricks your right leg!
 You miss the xan.
 The xan pricks your left leg!
 The xan pricks your right leg!
 The xan pricks your left leg!
 You die...
 Do you want your possessions identified? [ynq] (y) y
 Do you want to see your attributes? [ynq] (y) y
 Do you want an account of creatures vanquished? [ynaq] (y) y
 Do you want to see your conduct and achievements? [ynq] (y) y
 Do you want to see the dungeon overview? [ynq] (y) y

Inventory:
 Coins    ('$')
  $ - 42 gold pieces
 Weapons  (')')
  j - 11 +0 crossbow bolts
  l - 16 +0 darts
  C - a corroded +0 dagger
  b - 8 +0 orcish daggers (alternate weapons; not wielded)
  m - a cursed +0 orcish spear
  a - a +0 orcish short sword (weapon in right hand)
  p - a cursed +0 partisan
 Armor    ('[')
  A - an uncursed +0 pair of water walking boots
  c - an uncursed +1 leather armor (being worn)
 Comestibles  ('%')
  w - 2 uncursed slime molds
  D - an uncursed clove of garlic
  y - an uncursed cram ration
  s - an uncursed partly eaten food ration
  z - an uncursed gecko corpse
 Scrolls  ('?')
  u - an uncursed scroll of identify
  B - an uncursed scroll of magic mapping
 Spellbooks  ('+')
  q - an uncursed spellbook of create monster
 Potions  ('!')
  d - an uncursed potion of sickness
 Rings    ('=')
  o - a blessed +1 ring of gain constitution
 Tools    ('(')
  f - an empty uncursed sack
  g - an uncursed blindfold
  e - an uncursed lock pick
 Boulders/Statues  ('`')
  x - an empty uncursed statue of an iguana

01245990302 the Rogue's attributes:

Background:
 You were a Cutpurse, a level 4 male orcish Rogue.
 You were chaotic, nominally on a mission for Kos
 who was opposed by Issek (lawful) and Mog (neutral).
 You were right-handed.
 You were in the Dungeons of Doom, on level 4.
 You entered the dungeon 2239 turns ago.
 You had 111 experience points, 49 more were needed to attain level 5.

Basics:
 You had 0 out of 26 hit points.
 You had all 9 energy points (spell power).
 Your armor class was 7.
 Your wallet contained 42 zorkmids.
 Autopickup was off.

Final Characteristics:
 Your strength was 16 (limit:18/50).
 Your dexterity was 17 (base:18, limit:18).
 Your constitution was 11 (limit:18).
 Your intelligence was 13 (limit:16).
 Your wisdom was 8 (limit:16).
 Your charisma was 10 (limit:16).

Final Status:
 You had wounded legs.
 You weren't hungry.
 You were burdened; movement was slightly slowed.
 You were wielding a short sword.
 You had basic skill with short sword.

Final Attributes:
 You were piously aligned.
 You were poison resistant.
 You had infravision.
 You were stealthy.
 You were warded.
 You are dead.

Miscellaneous:
 You didn't encounter any bones levels.
 Total elapsed playing time was 34 minutes and 1 second.

Major events:
 Turn
    1: 01245990302 the chaotic male orcish Rogue entered the dungeon
 1201: attained the rank of Cutpurse (level 3)
 2239: killed by a xan

You didn't know any spells.

Skills:
 Fighting Skills
   bare handed combat [Unskilled]
   two weapon combat  [Unskilled]
   riding             [Unskilled]
 Weapon Skills
   dagger             [Basic]
   knife              [Unskilled]
   short sword        [Basic]
   broadsword         [Unskilled]
   long sword         [Unskilled]
   two-handed sword   [Unskilled]
   saber              [Unskilled]
   club               [Unskilled]
   mace               [Unskilled]
   morning star       [Unskilled]
   flail              [Unskilled]
   hammer             [Unskilled]
   polearms           [Unskilled]
   spear              [Unskilled]
   crossbow           [Unskilled]
   dart               [Unskilled]
   shuriken           [Unskilled]
 Spellcasting Skills
   divination spells  [Unskilled]
   escape spells      [Unskilled]
   matter spells      [Unskilled]

Voluntary challenges:
 Character rerolling was not enabled.
 You were an atheist.
 You never genocided any monsters.
 You never polymorphed an object.
 You never changed form.
 You used no wishes.
Achievement:
 You attained the rank of Cutpurse.

 The Dungeons of Doom: levels 1 to 4
    Level 1:
    Level 2:
       A fountain, a sink.
    Level 3:
       A fountain.
    Level 4: <- You were here.
       Final resting place for
          you, killed by a xan.


Vanquished creatures:
  a shrieker
  3 kittens
  a dwarf
  a kobold leader
 an iguana
  a coyote
  2 gas spores
  a large kobold
  a cave spider
  a green mold
  2 garter snakes
  a gnome zombie
  2 geckos
  4 jackals
  a goblin
  4 grid bugs
  4 lichens
  2 newts
33 creatures vanquished.

No species were genocided or became extinct.

Game over:
                       ----------
                      /          \
                     /    REST    \
                    /      IN      \
                   /     PEACE      \
                  /                  \
                  |   01245990302    |
                  |      42 Au       |
                  | killed by a xan  |
                  |                  |
                  |                  |
                  |                  |
                  |       2026       |
                 *|     *  *  *      | *
        _________)/\\_//(\/(/\)/\//\/|_)_______

Goodbye 01245990302 the Rogue...

You died in The Dungeons of Doom on dungeon level 4 with 632 points,
and 42 pieces of gold, after 2239 moves.
You were level 4 with a maximum of 26 hit points when you died.

